 Dungeon Crawl Stone Soup version 0.18.1-48-g4cf74bf (webtiles) character file.

107602 Mesmaeker13 the Champion of Chaos (level 16, 0/136 HPs)
             Began as a Demonspawn Gladiator on Aug 11, 2016.
             Was the Champion of Makhleb.
             Slain by an entropy weaver (4 damage)
             ... on level 1 of the Spider Nest.
             The game lasted 01:46:42 (31148 turns).

Mesmaeker13 the Champion of Chaos (DsGl)           Turns: 31148, Time: 01:46:43

Health: 0/136      AC: -3    Str: 18    XL:     16   Next: 0%
Magic:  0/27       EV: 19    Int: 11    God:    Makhleb [******]
Gold:   1203       SH: 14    Dex: 14    Spells: 1 memorised, 9 levels left

rFire  + . .     SeeInvis .     m - +9 demon blade (venom)
rCold  . . .     Gourm    .     b - +1 ring mail {rPois}
rNeg   . . .     Faith    .     r - +0 shield
rPois  +         Spirit   +     l - +1 hat {MR+}
rElec  .         Dismiss  .     Z - +2 cloak {+Inv}
rCorr  .         Reflect  +     (gloves unavailable)
SustAt .         Harm     .     R - +0 pair of boots
MR     ++...                    Y - +3 amulet of reflection
Stlth  +.........               V - +5 ring of evasion
                                a - +2 ring of slaying

@: lethally poisoned (0 -> -13), about to teleport, corroded, very resistant to
hostile enchantments, very unstealthy
A: antennae 1, claws 3, rough black scales 3, fire resistance 1, augmentation 1,
magic shield, flame cloud immunity
a: Minor Destruction, Lesser Servant of Makhleb, Major Destruction, Greater
Servant of Makhleb, Renounce Religion, Evoke Invisibility


You were on level 1 of the Spider Nest.
You worshipped Makhleb.
Makhleb was exalted by your worship.
You were not hungry.

You visited 5 branches of the dungeon, and saw 27 of its levels.
You also visited: Ossuary and Ice Cave.

You collected 2541 gold pieces.
You spent 1272 gold pieces at shops.

Inventory:

Hand Weapons
 g - a +4 antimagic great sword
 k - a +2 scimitar of flaming
 m - a +9 demon blade of venom (weapon)
Armour
 b - a +1 ring mail of poison resistance (worn)
 l - a +1 hat of magic resistance (worn)
 q - a +0 plate armour of fire resistance
 r - a +0 shield (worn)
 R - a +0 pair of boots (worn)
 Z - a +2 cloak of invisibility (worn)
Jewellery
 a - a +2 ring of slaying (left claw)
 e - an uncursed ring of protection from fire
 V - a +5 ring of evasion (right claw)
 Y - a +3 amulet of reflection (around neck)
Wands
 M - a wand of digging (11/24)
Scrolls
 t - 2 scrolls of magic mapping
 z - a scroll of amnesia
 G - 3 scrolls of fear
 H - 8 scrolls of remove curse
 L - 2 scrolls of blinking
 O - 5 scrolls of teleportation
 W - 2 scrolls of summoning
Potions
 n - 6 potions of haste
 o - 3 potions of cancellation
 p - a potion of ambrosia
 u - 5 potions of might
 A - 2 potions of heal wounds
 C - a potion of invisibility
 D - 6 potions of brilliance
 E - 7 potions of curing
 F - a potion of berserk rage
 P - 2 potions of resistance
 Q - a potion of flight
Books
 x - a book of Frost

   Spells                             Type                      Level
   a - Freeze                         Ice                          1
   b - Throw Frost                    Conjuration/Ice              2
   c - Ozocubu's Armour               Charms/Ice                   3
   d - Throw Icicle                   Conjuration/Ice              4
   e - Summon Ice Beast               Ice/Summoning                4
 B - a book of Air

   Spells                             Type                      Level
   a - Shock                          Conjuration/Air              1
   b - Swiftness                      Charms/Air                   2
   c - Repel Missiles                 Charms/Air                   2
   d - Static Discharge               Conjuration/Air              3
   e - Lightning Bolt                 Conjuration/Air              5
 T - a book of Minor Magic

   Spells                             Type                      Level
   a - Magic Dart                     Conjuration                  1
   b - Blink                          Translocation                2
   c - Call Imp                       Summoning                    2
   d - Repel Missiles                 Charms/Air                   2
   e - Slow                           Hexes                        2
   f - Conjure Flame                  Conjuration/Fire             3
   g - Mephitic Cloud                 Conjuration/Poison/Air       3
Miscellaneous
 j - a phantom mirror
 I - a plain deck of changes {the Mercenary}
Comestibles
 c - 2 chunks of flesh
 f - 13 bread rations
 h - 3 fruits
 U - 2 slices of pizza


   Skills:
 + Level 15.0 Fighting
 + Level 12.9 Long Blades
 - Level 1.7 Throwing
 - Level 11.0 Armour
 - Level 8.0 Dodging
 + Level 7.9 Shields
 - Level 15.4 Invocations


You had 9 spell levels left.
You knew the following spells:

 Your Spells              Type           Power        Failure   Level  Hunger
a - Deflect Missiles      Chrm/Air       #.........   100%        6    #######


Dungeon Overview and Level Annotations

Branches:
Dungeon (15/15)            Temple (1/1) D:4            Lair (8/8) D:8
 Shoals (0/4) Lair:4       Spider (1/4) Lair:4        Slime (0/6) Lair:8
    Orc (2/2) D:12            Elf (0/3) Orc:2        Vaults (0/5) D:13
 Depths (0/5) D:15

Altars:
Ashenzari
Cheibriados
Dithmenos
Elyvilon
Fedhas
Gozag
Kikubaaqudgha
Makhleb
Nemelex Xobeh
Okawaru
Pakellas
Qazlal
Ru
Sif Muna
Trog
Vehumet
Xom
Yredelemnul
Zin
The Shining One

Shops:
D:6 %*(}[?   Orc:2 :[(*

Annotations:
Lair:4 exclusion: oklob plant


Innate Abilities, Weirdness & Mutations

You have claws for hands.
You are completely covered in rough black scales (AC +10, Dex -3).
Your flesh is heat resistant.
Your magical and physical power is slightly enhanced at high health.
When hurt, damage is shared between your health and your magic reserves.
You are immune to clouds of flame.
You have a pair of small antennae on your head.


Message History

You block the wolf spider's attack. The wolf spider misses you.
Unknown command.
You hit the entropy weaver but do no damage.
The entropy weaver is heavily wounded.
You feel sick. The demonic crawler barely misses you.
The demonic crawler misses you. The demonic crawler barely misses you.
The entropy weaver mumbles some strange words.
The entropic weave corrodes you! The wolf spider hits you.
* * * LOW HITPOINT WARNING * * *
The wolf spider misses you.
You hit the entropy weaver but do no damage.
The entropy weaver is moderately wounded.
You feel sick. The demonic crawler hits you.
* * * LOW HITPOINT WARNING * * *
The demonic crawler hits you.
* * * LOW HITPOINT WARNING * * *
You block the demonic crawler's attack. The wolf spider hits you!!
* * * LOW HITPOINT WARNING * * *
The wolf spider completely misses you. The entropy weaver hits you.
You die...

###. ##
######≈≈≈#..
.###≈##@#......#...
...≈..spsB.?.......
...................
...................
...s...........$...
...................
........!......$...
................)>.
...................


You could see a boulder beetle, an entropy weaver, a demonic crawler, a wolf
spider and a redback.

Vanquished Creatures
  Frances (D:13)
  Gastronok (Orc:1)
  Donald (Orc:2)
  Nessos (D:14)
  Snorg (Lair:4)
  2 vault guards
  A fire dragon (Lair:3)
  Fannar (Lair:2)
  Harold (Lair:3)
  An entropy weaver (Spider:1)
  8 hydras
  4 centaur warriors
  2 tengu warriors
  An orc high priest (Orc:2)
  Sonja (Lair:2)
  The ghost of Elystan the Blocker, a novice FoFi of Okawaru (D:15)
  6 unseen horrors
  7 hill giants
  An orb spider (Spider:1)
  2 orc knights
  A necromancer (D:13)
  6 cyclopes
  4 orc sorcerers
  2 griffons
  4 ugly things
  3 wizards
  2 deep elf magi (Orc:1)
  A hornet (D:14)
  5 wolf spiders
  A salamander (D:15)
  2 manticores
  Maurice (D:13)
  6 black mambas
  The ghost of Galewind the Infuser, a novice DECj of Vehumet (D:6)
  2 ice statues (IceCv)
  A torpor snail (Lair:4)
  10 spiny frogs
  4 komodo dragons
  3 kobold demonologists
  4 rime drakes
  An efreet (D:14)
  3 freezing wraiths (D:14)
  A tengu conjurer (D:14)
  12 trolls
  A queen bee (D:9)
  4 jumping spiders
  8 polar bears (Lair:8)
  2 two-headed ogres
  22 blink frogs
  3 raiju (Lair:8)
  Grinder (D:3)
  Prince Ribbit (Lair:2)
  12 slime creatures
  A snapping turtle (Lair:4)
  Sigmund (D:2)
  4 wyverns
  A spriggan (shapeshifter) (D:13)
  A wraith (D:12)
  7 redbacks
  A tarantella (Spider:1)
  A shadow (D:14)
  33 yaks
  17 humans
  3 water elementals
  A basilisk (shapeshifter) (D:11)
  A basilisk (Lair:5)
  4 vampire mosquitoes
  5 wargs
  6 hippogriffs
  2 mottled dragons
  Edmund (D:4)
  22 water moccasins
  Duvessa (D:7)
  8 hell hounds
  6 porcupines
  11 ice beasts
  28 orc warriors
  A swamp drake (Orc:1)
  14 black bears
  5 eyes of draining
  A wasp (D:12)
  11 ogres
  5 sky beasts
  13 centaurs
  5 phantoms
  15 wolves
  13 crocodiles
  6 big kobolds
  Blork the orc (D:4)
  18 giant frogs
  Dowan (D:7)
  2 scorpions
  A water moccasin skeleton (D:5)
  49 killer bees
  13 wights
  6 electric eels
  3 howler monkeys
  A giant frog zombie (D:9)
  9 crimson imps
  2 quasits
  3 centaur zombies
  2 jellies
  5 centaur skeletons
  15 orc priests
  13 hounds
  22 orc wizards
  3 giant frog skeletons
  An iron imp (Orc:1)
  10 iguanas
  8 worker ants
  25 sheep
  A hound skeleton (D:8)
  8 mummies (Ossuary)
  A howler monkey zombie (D:7)
  3 worker ant zombies
  14 gnolls
  55 river rats
  13 adders
  7 shadow imps
  13 white imps
  An adder zombie (D:5)
  3 adder skeletons
  4 worms
  3 dart slugs
  3 giant geckos
  74 orcs
  9 bats
  4 giant cockroaches
  7 goblins
  4 hobgoblins (D:1)
  9 jackals
  19 kobolds
  6 quokkas
  2 ball pythons
  A giant gecko zombie (D:8)
  3 giant newts
  3 hobgoblin zombies (Ossuary)
  2 kobold zombies (Ossuary)
  3 orc zombies (Ossuary)
  10 rats
  A butterfly (Lair:4)
932 creatures vanquished.

Vanquished Creatures (collateral kills)
  Maud (D:11)
  An orc warlord (Orc:1)
  A centaur warrior (D:14)
  2 orc high priests (Orc:2)
  Nergalle (D:10)
  A lindwurm (Lair:8)
  An orc knight (Orc:2)
  An orb spider (Spider:1)
  3 ugly things (D:15)
  A griffon (D:14)
  A cyclops (D:14)
  A black mamba (Lair:2)
  An efreet (D:15)
  3 trolls
  A slime creature (D:14)
  A raiju (Lair:8)
  A blink frog (Lair:5)
  A human (D:13)
  4 yaks
  A hungry ghost (D:11)
  3 wargs
  A porcupine (Lair:2)
  3 orc warriors (Orc:2)
  A black bear (Lair:8)
  A phantom (D:14)
  An ogre (Orc:2)
  2 wolves (Lair:8)
  7 centaurs
  A crocodile (Lair:4)
  A big kobold (D:13)
  A giant frog (D:10)
  A killer bee (D:13)
  A howler monkey (D:14)
  A jelly (D:11)
  2 hounds (Lair:8)
  3 orcs (Orc:2)
  A butterfly (Lair:4)
  2 fungi (Orc:2)
61 creatures vanquished.

Vanquished Creatures (others)
  An iguana (Lair:3)
  A shadow imp (D:15)
  A bush (D:5)
  20 fungi
  18 plants
41 creatures vanquished.

Grand Total: 1034 creatures vanquished

Notes
Turn   | Place    | Note
--------------------------------------------------------------
     0 | D:1      | Mesmaeker13 the Demonspawn Gladiator began the quest for the Orb.
     0 | D:1      | Reached XP level 1. HP: 16/16 MP: 1/1
    77 | D:1      | Gained mutation: You are partially covered in rough black scales (AC +4, Dex -1). [demonic ancestry]
    77 | D:1      | Reached XP level 2. HP: 13/22 MP: 2/2
   773 | D:1      | Gained mutation: You have sharp fingernails. [demonic ancestry]
   773 | D:1      | Reached XP level 3. HP: 28/28 MP: 3/3
   999 | D:2      | Noticed Sigmund
  1009 | D:2      | Killed Sigmund
  1009 | D:2      | Reached XP level 4. HP: 21/37 MP: 4/4
  1009 | D:2      | Gained mutation: You have very sharp fingernails. [demonic ancestry]
  1009 | D:2      | Reached XP level 5. HP: 24/42 MP: 5/5
  1157 | D:2      | Found a radiant altar of Vehumet.
  1751 | D:3      | Noticed Grinder
  1763 | D:3      | Paralysed by Grinder for 5 turns
  1770 | D:3      | Killed Grinder
  1770 | D:3      | Gained mutation: When hurt, damage is shared between your health and your magic reserves. [demonic ancestry]
  1770 | D:3      | Reached XP level 6. HP: 41/49 MP: 6/6
  1890 | D:3      | Found a bloodstained altar of Trog.
  2246 | D:3      | Found a faded altar to an unknown god.
  2485 | D:4      | Noticed Blork the orc
  2485 | D:4      | Found a sand-covered staircase.
  2492 | D:4      | Killed Blork the orc
  2492 | D:4      | Gained mutation: Your magical and physical power is slightly enhanced at high health. [demonic ancestry]
  2492 | D:4      | Reached XP level 7. HP: 38/55 MP: 7/7
  2495 | D:4      | Noticed Edmund
  2512 | D:4      | Killed Edmund
  2512 | D:4      | Reached skill level 5 in Fighting
  2512 | D:4      | Reached skill level 5 in Dodging
  2559 | Ossuary  | Entered an ossuary
  3238 | D:4      | Reached skill level 5 in Long Blades
  3343 | D:4      | Found a staircase to the Ecumenical Temple.
  3439 | Temple   | Entered the Ecumenical Temple
  3588 | Temple   | Became a worshipper of Makhleb the Destroyer
  3748 | D:4      | Found a glowing golden altar of the Shining One.
  4012 | D:5      | Entered Level 5 of the Dungeon
  4012 | D:5      | Found a glowing golden altar of the Shining One.
  4012 | D:5      | Found a shimmering altar of Xom.
  4012 | D:5      | Found a shattered altar of Ashenzari.
  4012 | D:5      | Found a snail-covered altar of Cheibriados.
  4089 | D:5      | Reached XP level 8. HP: 63/63 MP: 8/8
  4095 | D:5      | Found a shadowy altar of Dithmenos.
  4095 | D:5      | Found a white marble altar of Elyvilon.
  4095 | D:5      | Found a sacrificial altar of Ru.
  4408 | D:5      | Reached * piety under Makhleb
  4917 | D:6      | Found Gozag's Platinum Reserve.
  4917 | D:6      | Found an opulent altar of Gozag.
  4918 | D:6      | Found Velui's Gadget Shoppe.
  5093 | D:5      | Gained mutation: Your flesh is heat resistant. [demonic ancestry]
  5093 | D:5      | Reached XP level 9. HP: 61/72 MP: 9/9
  5483 | D:6      | Found a stormy altar of Qazlal.
  5485 | D:6      | Found a blossoming altar of Fedhas.
  5543 | D:6      | Noticed Galewind's ghost (novice DECj)
  5548 | D:6      | Found an ancient bone altar of Kikubaaqudgha.
  5560 | D:6      | Killed Galewind's ghost
  5985 | D:7      | Found a bloodstained altar of Trog.
  6331 | D:7      | Noticed Dowan
  6363 | D:7      | Killed Dowan
  6403 | D:7      | Noticed Duvessa
  6412 | D:7      | Killed Duvessa
  6699 | D:8      | Reached ** piety under Makhleb
  6880 | D:8      | Found a staircase to the Lair.
  6961 | D:8      | Reached skill level 1 in Armour
  7129 | D:8      | Gained mutation: You are mostly covered in rough black scales (AC +7, Dex -2). [demonic ancestry]
  7129 | D:8      | Reached XP level 10. HP: 82/82 MP: 10/10
  7456 | D:8      | Reached *** piety under Makhleb
  7504 | D:9      | Reached skill level 1 in Invocations
  8124 | D:6      | Found Ruzek's Magic Scroll Boutique.
  8148 | D:6      | Found Vagiz's Armour Shoppe.
  8205 | D:6      | Found Jyown's Food Shop.
  8284 | D:6      | Killed an unseen horror
  8545 | D:6      | Found a basalt altar of Yredelemnul.
  8697 | D:6      | Found Urotzefim's Weapon Shoppe.
  8882 | D:6      | Bought a scroll of acquirement for 624 gold pieces
  8973 | Lair:1   | Entered Level 1 of the Lair of Beasts
  8978 | Lair:1   | Found a frozen archway.
  9026 | IceCv    | Entered an ice cave
  9069 | IceCv    | Noticed an ice statue
  9069 | IceCv    | Noticed an ice statue
  9077 | IceCv    | Killed an ice statue
  9086 | IceCv    | Killed an ice statue
  9496 | Lair:1   | Reached skill level 5 in Invocations
  9640 | Lair:1   | Noticed a spiny frog
  9648 | Lair:1   | Killed a spiny frog
  9731 | Lair:1   | Reached **** piety under Makhleb
 10066 | Lair:2   | Noticed Sonja
 10425 | Lair:2   | Reached XP level 11. HP: 90/90 MP: 12/15
 10478 | Lair:2   | Noticed an eight-headed hydra
 10642 | Lair:1   | Killed an eight-headed hydra
 10642 | Lair:1   | Reached skill level 10 in Fighting
 10871 | Lair:2   | Killed Sonja
 10871 | Lair:2   | Reached skill level 5 in Armour
 11131 | Lair:2   | Noticed a five-headed hydra
 11163 | Lair:2   | Killed a five-headed hydra
 11278 | Lair:3   | Noticed Harold
 11287 | Lair:3   | Killed Harold
 11308 | Lair:3   | Noticed Fannar
 11309 | Lair:3   | Noticed Prince Ribbit
 11335 | Lair:2   | Killed Prince Ribbit
 11370 | Lair:2   | Killed Fannar
 11464 | Lair:3   | Noticed a fire dragon
 11499 | Lair:3   | Killed a fire dragon
 11499 | Lair:3   | Reached skill level 10 in Long Blades
 12205 | Lair:4   | Reached XP level 12. HP: 80/99 MP: 11/18
 12426 | Lair:4   | Reached ***** piety under Makhleb
 12448 | Lair:4   | Found a hole to the Spider Nest.
 12609 | Lair:4   | Found a staircase to the Shoals.
 12679 | Lair:4   | Noticed a four-headed hydra
 12798 | Lair:4   | Noticed Snorg
 12807 | Lair:4   | Killed Snorg
 13021 | Lair:4   | Killed a six-headed hydra
 13508 | Lair:5   | Reached skill level 10 in Invocations
 13706 | Lair:5   | Noticed a seven-headed hydra
 13716 | Lair:5   | Killed a seven-headed hydra
 13792 | Lair:5   | Noticed a seven-headed hydra
 13803 | Lair:5   | Killed a seven-headed hydra
 13816 | Lair:5   | Got a smoking short sword
 13817 | Lair:5   | Identified the +4 short sword of Intimidation {speed, +Blink rC- MR+++ Stlth+} (You acquired it on level 5 of the Lair of Beasts)
 15016 | Lair:1   | Learned a level 6 spell: Deflect Missiles
 15372 | Lair:6   | Gained mutation: You are completely covered in rough black scales (AC +10, Dex -3). [demonic ancestry]
 15372 | Lair:6   | Reached XP level 13. HP: 107/107 MP: 21/21
 16409 | Lair:8   | Entered Level 8 of the Lair of Beasts
 17053 | Lair:8   | Found a staircase to the Slime Pits.
 17429 | Lair:8   | Reached ****** piety under Makhleb
 18788 | D:10     | Entered Level 10 of the Dungeon
 18788 | D:10     | Noticed Nergalle
 18830 | D:10     | Killed Nergalle
 18870 | D:10     | Found a glowing golden altar of the Shining One.
 19953 | D:10     | Gained mutation: You are immune to clouds of flame. [demonic ancestry]
 19953 | D:10     | Reached XP level 14. HP: 97/116 MP: 15/23
 20072 | D:11     | Reached skill level 1 in Shields
 20572 | D:11     | Noticed Maud
 20590 | D:11     | Killed Maud
 21099 | D:12     | Found a staircase to the Orcish Mines.
 21378 | D:11     | Reached skill level 10 in Armour
 21891 | D:12     | Got a heavily runed crystal plate armour
 21902 | D:12     | Identified the +6 crystal plate armour "Laankiud" {rElec rCorr Slay+2} (You acquired it on level 12 of the Dungeon)
 21927 | D:13     | Noticed Frances
 21945 | D:13     | Killed Frances
 22537 | D:6      | Bought a scroll of enchant weapon for 90 gold pieces
 22537 | D:6      | Bought a scroll of blinking for 90 gold pieces
 22537 | D:6      | Bought a scroll of identify for 24 gold pieces
 22537 | D:6      | Bought a scroll of summoning for 114 gold pieces
 22788 | D:6      | Bought a phantom mirror for 330 gold pieces
 22920 | Orc:1    | Entered Level 1 of the Orcish Mines
 23177 | Orc:2    | Entered Level 2 of the Orcish Mines
 23302 | Orc:2    | Found Jontecof's General Store.
 23343 | Orc:2    | Noticed an orc warlord
 23658 | Orc:1    | Killed an orc warlord
 24003 | Orc:2    | Noticed Donald
 24027 | Orc:2    | Killed Donald
 24056 | Orc:2    | Found a staircase to the Elven Halls.
 24133 | Orc:2    | Reached skill level 5 in Shields
 24162 | Orc:2    | Found Essannam's Antique Armour Shoppe.
 24283 | Orc:2    | Found Rimaeth's Antique Weapon Boutique.
 24443 | Orc:2    | Found Gaynerph's Book Shoppe.
 24543 | Orc:1    | Noticed Gastronok
 24564 | Orc:1    | Killed Gastronok
 24742 | Orc:1    | Reached XP level 15. HP: 121/125 MP: 7/26
 24970 | Orc:2    | Reached skill level 15 in Invocations
 25844 | D:13     | Noticed Maurice
 25877 | D:13     | Paralysed by something for 2 turns
 25968 | D:13     | Found a gate to the Vaults.
 26430 | D:13     | Killed Maurice
 27792 | D:14     | Paralysed by a hornet for 2 turns
 28024 | D:14     | HP: 4/127 [freezing wraith (13)]
 28512 | D:14     | Noticed Nessos
 28523 | D:14     | Killed Nessos
 28649 | D:14     | Found an iron altar of Okawaru.
 29168 | D:15     | Entered Level 15 of the Dungeon
 29185 | D:15     | Paralysed by a wizard for 5 turns
 29387 | D:15     | Noticed Elystan's ghost (novice FoFi)
 29394 | D:15     | Killed Elystan's ghost
 29894 | D:15     | Gained mutation: You have a pair of small antennae on your head. [potion of beneficial mutation]
 29946 | D:15     | Found a staircase to the Depths.
 30649 | Spider:1 | Entered Level 1 of the Spider Nest
 30688 | Lair:4   | Reached skill level 15 in Fighting
 31132 | Spider:1 | Gained mutation: You have claws for hands. [demonic ancestry]
 31132 | Spider:1 | Reached XP level 16. HP: 136/136 MP: 25/27
 31148 | Spider:1 | HP: 4/136 [wolf spider (22)]
 31148 | Spider:1 | Slain by an entropy weaver

Skill      XL: |  1  2  3  4  5  6  7  8  9 10 11 12 13 14 15 |
---------------+----------------------------------------------+-----
Dodging        | 3 4 5 6 8 |  8.0
Long Blades    | 3 4 5 6 8 9 10 11 12 | 12.9
Fighting       | 3 4 5 7 8 9 10 11 12 13 15 | 15.0
Armour         | 1 4 6 8 9 10 11 | 11.0
Invocations    | 5 8 11 13 14 15 | 15.4
Shields        | 5 7 |  7.9
Throwing       | |  1.7

Action                   |  1- 3 |  4- 6 |  7- 9 | 10-12 | 13-15 | 16-18 || total
-------------------------+-------+-------+-------+-------+-------+-------++-------
Melee: Long sword        |   105 |    83 |   226 |   465 |       |       ||   879
       Great sword       |       |       |   192 |   256 |  1189 |       ||  1637
       Dagger            |       |       |       |    70 |    17 |       ||    87
       Short sword       |       |       |       |   135 |  1269 |       ||  1404
       Demon blade       |       |       |       |       |   104 |    13 ||   117
       Scimitar          |       |       |       |       |    15 |       ||    15
Throw: Throwing net      |       |       |     1 |     7 |     6 |       ||    14
Invok: Lesser Servant of |       |       |       |     7 |    21 |       ||    28
       Major Destruction |       |       |       |     2 |     8 |       ||    10
       Greater Servant o |       |       |       |       |     6 |       ||     6
Evoke: Wand              |       |       |       |     9 |     7 |       ||    16
       Deck              |       |       |       |     2 |     2 |       ||     4
  Use: Scroll            |     2 |     3 |    10 |    18 |    35 |     1 ||    69
       Potion            |     1 |       |     3 |     9 |     7 |     1 ||    21
 Stab: Invisible         |       |       |       |     7 |       |       ||     7
       Paralysed         |       |       |       |     1 |       |       ||     1
       Distracted        |       |       |       |     1 |     7 |       ||     8
       Held in net/web   |       |       |       |     1 |       |       ||     1
       Sleeping          |       |       |       |       |     5 |       ||     5
  Eat: Chunk             |       |     5 |     6 |    17 |    49 |       ||    77
       Bread ration      |       |       |     1 |     1 |     1 |       ||     3
       Meat ration       |       |       |     1 |     1 |       |       ||     2
       Beef jerky        |       |       |       |     1 |       |       ||     1
       Fruit             |       |       |       |     1 |     1 |       ||     2
       Royal jelly       |       |       |       |       |     1 |       ||     1
       Pizza             |       |       |       |       |     1 |       ||     1
Armor: Leather armour    |    12 |       |       |       |       |       ||    12
       Scale mail        |    32 |    47 |   246 |    90 |       |       ||   415
       Plate armour      |       |       |       |   525 |   698 |       ||  1223
       Ring mail         |       |       |       |     2 |   543 |     3 ||   548
Dodge: Dodged            |    65 |    65 |   379 |   670 |  2319 |    40 ||  3538
Block: Other             |       |       |       |     1 |   317 |       ||   318
       Buckler           |       |       |       |       |    54 |       ||    54
       Reflection        |       |       |       |       |    10 |       ||    10
       Shield            |       |       |       |       |   110 |    27 ||   137
